 Dungeon Crawl Stone Soup version 0.26-a0-812-g31a745ddcd (webtiles) character file.

Game seed: 6627050303345572100

69 kae the Conjurer (level 4, 1/28 HPs)
             Began as an Octopode Conjurer on Nov 24, 2020.
             Quit the game on level 2 of the Dungeon.
             The game lasted 00:01:28 (1874 turns).

kae the Conjurer (Octopode Conjurer)                Turns: 1874, Time: 00:01:28

Health: 1/28       AC:  1    Str:  4 (7)  XL:     4   Next: 20%
Magic:  1/8        EV: 13    Int: 18 (20) God:
Gold:   31         SH:  0    Dex:  8 (10) Spells: 7/8 levels left

rFire    . . .     SeeInvis +   (no weapon)
rCold    + . .     Faith    .   (no shield)
rNeg     . . .     Spirit   .   (helmet restricted)
rPois    .         Reflect  .   (no amulet)
rElec    .         Harm     .   (no ring)
rCorr    .         Rampage  .   (no ring)
MR       .....                  (no ring)
Stlth    +++.......             (no ring)
HPRegen  0.09/turn              (no ring)
MPRegen  0.11/turn              (no ring)
                                (no ring)
                                (no ring)

@: lethally poisoned (1 -> -3), berserk cooldown, attractive, slowed, very slow
A: almost no armour, stealthy swim, amphibious, 8 rings, constrict 8, camouflage
1, see invisible, cold resistance 1, gelatinous body 1
a: no special abilities


You were on level 2 of the Dungeon.
You visited 1 branch of the dungeon, and saw 2 of its levels.

You collected 31 gold pieces.

Inventory:

Scrolls
 a - a scroll of noise {unknown}
 b - a scroll of fog {unknown}
 c - a scroll of enchant armour {unknown}
 d - a scroll of remove curse {unknown}
 e - a scroll of amnesia {unknown}
 h - a scroll of blinking {unknown}


   Skills:
 + Level 1.0 Fighting
 + Level 2.4 Dodging
 + Level 3.3 Stealth
 * Level 2.7 Spellcasting
 * Level 4.5 Conjurations


You had 7 spell levels left.
You knew the following spells:

 Your Spells              Type           Power        Failure   Level
a - Magic Dart            Conj           ###.         2%          1

Your spell library contained the following spells:

 Spells                   Type           Power        Failure   Level
 Searing Ray              Conj           ###...       4%          2
 Dazzling Flash           Conj/Hex       ##....       21%         3
 Fulminant Prism          Conj/Hex       ##........   54%         4
 Iskenderun's Mystic Bla  Conj/Tloc      ##......     54%         4


Dungeon Overview and Level Annotations

Branches:
Dungeon (2/15)

Altars:


Innate Abilities, Weirdness & Mutations

You cannot wear most types of armour.
You are very stealthy in the water. (Stealth+)
You are amphibious.
You can wear up to eight rings at the same time.
You can use your tentacles to constrict eight enemies at once.
Your skin changes colour to match your surroundings (Stealth+).
Your rubbery body absorbs attacks. (AC +1, EV +1)
You have supernaturally acute eyesight. (SInv)
Your flesh is cold resistant. (rC+)


Message History

You feel yourself moving faster!
You feel mighty!
* * * LOW HITPOINT WARNING * * *
You feel sick. The kobold hits you with a +0 dagger.
* * * LOW HITPOINT WARNING * * *
You tentacle-slap the kobold.
You kill the kobold!
* * * LOW HITPOINT WARNING * * *
You feel sick.
Items here: ) †††.
You feel a strong urge to attack something.
You see here a jackal corpse.
Unknown command.
Calm down first, please.
There is a lethal amount of poison in your body!
You feel your anger nearly subside.
You are no longer berserk.
You are exhausted.
You feel yourself slow down.
* * * LOW HITPOINT WARNING * * *
You feel sick.
Are you sure you want to abandon this character and quit the game? (Confirm with "yes".)

# #. #.
####.####
...)...
#.†.# #@#
#)# #.#
#.# #.#
### #.##
#(####..#
#....##.#
#.
####....#
...


There were no monsters in sight!

Vanquished Creatures
  A gnoll (D:1)
  2 adders (D:2)
  2 dart slugs (D:1)
  2 bats (D:1)
  4 giant cockroaches
  3 hobgoblins
  9 jackals
  4 kobolds
  A ball python (D:2)
  A frilled lizard (D:1)
  6 rats
35 creatures vanquished.

Notes
Turn   | Place    | Note
-------+----------+-------------------------------------------
     0 | D:1      | kae the Octopode Conjurer began the quest for the Orb.
     0 | D:1      | Reached XP level 1. HP: 11/11 MP: 3/3
   436 | D:1      | Reached XP level 2. HP: 17/17 MP: 1/5
   554 | D:1      | Reached XP level 3. HP: 11/22 MP: 0/6
  1847 | D:2      | Reached skill level 1 in Fighting
  1852 | D:2      | Reached XP level 4. HP: 26/28 MP: 2/7
  1864 | D:2      | Gained mutation: You have supernaturally acute eyesight.
                  | (SInv) [potion of mutation]
  1864 | D:2      | Gained mutation: Your flesh is cold resistant. (rC+)
                  | [potion of mutation]
  1872 | D:2      | HP: 1/28 [poisoned by an adder]
  1874 | D:2      | Quit the game

Illustrated notes

Levels and vault maps discovered:
D:1:      evilmike_arrival_hilbert_curve, layout_basic, st_stairs_4,
          lemuel_another_geyser
D:2:      layout_rooms, overflow_temple_1_default

Skill      XL: |  1  2  3 |
---------------+----------+-----
Stealth        | 3 |  3.3
Fighting       | 1 |  1.0
Dodging        | |  2.4
Spellcasting   | |  2.7
Conjurations   | |  4.5

Action                   |  1- 3 |  4- 6 || total
-------------------------+-------+-------++-------
Melee: Unarmed           |    26 |     8 ||    34
       Constrict         |     8 |     2 ||    10
       Tentacles         |     6 |       ||     6
 Cast: Magic Dart        |    57 |     3 ||    60
  Use: Potion            |       |     4 ||     4
Armor: Skin              |     4 |       ||     4
Dodge: Dodged            |    22 |     6 ||    28

Table legend: (Time is in decaauts)
 A = Elapsed time spent in this place.
 B = Non-inter-level travel time spent in this place.
 C = Inter-level travel time spent in this place.
 D = Time resting spent in this place.
 E = Time spent auto-exploring this place.
 F = Levels seen in this place.
 G = Mean time per level.
                   A        B        C        D        E       F      G
               +--------+--------+--------+--------+--------+-----+--------+
         Total |   1872 |   1831 |     41 |    249 |   1388 |   2 |  936.0 |
       Dungeon |   1872 |   1831 |     41 |    249 |   1388 |   2 |  936.0 |
               +--------+--------+--------+--------+--------+-----+--------+

Top non-repeatable levels by time:
     D:1: 1713 daAuts
     D:2: 159 daAuts
